 Dungeon Crawl Stone Soup version 0.25-a0-668-gea548f19b6 (webtiles) character file.

Game seed: 8532718649037861983, levelgen mode: deterministic

102 Kohma the Sneak (level 4, -2/23 HPs)
             Began as a Spriggan Assassin on Mar 28, 2020.
             Was an Initiate of Kikubaaqudgha.
             Killed by nerve-wracking pain
             ... invoked by an orc priest
              (12 damage)
             ... on level 3 of the Dungeon.
             The game lasted 00:05:02 (2738 turns).

Kohma the Sneak (Spriggan Assassin)                 Turns: 2738, Time: 00:05:03

Health: -2/23      AC:  3    Str:  7    XL:     4   Next: 49%
Magic:  5/5        EV: 17    Int: 13    God:    Kikubaaqudgha [......]
Gold:   154        SH:  0    Dex: 17    Spells: 3/3 levels left

rFire    . . .     SeeInvis +   a - +2 dagger
rCold    . . .     Gourm    .   (shield restricted)
rNeg     . . .     Faith    .   b - +0 robe
rPois    .         Spirit   .   (helmet restricted)
rElec    .         Reflect  .   c - +0 cloak
rCorr    .         Harm     .   (gloves unavailable)
MR       .....                  (boots unavailable)
Stlth    +++.......             (no amulet)
HPRegen  0.07/turn              (no ring)
MPRegen  0.09/turn              (no ring)

@: very quick
A: very small, unfitting armour, see invisible, herbivore, speed 3, slow
metabolism 2
a: Renounce Religion


You were on level 3 of the Dungeon.
You worshipped Kikubaaqudgha.
Kikubaaqudgha was noncommittal.
You were not hungry.

You visited 1 branch of the dungeon, and saw 3 of its levels.

You collected 154 gold pieces.

Inventory:

Hand Weapons
 a - a +2 dagger (weapon)
Missiles
 d - 4 poisoned darts (quivered)
 e - 2 curare-tipped darts {!w =f}
 i - 43 sling bullets
Armour
 b - a +0 robe (worn)
 c - a +0 cloak (worn)
Jewellery
 m - an uncursed ring of protection from cold {unknown}
Scrolls
 g - 3 scrolls of identify {unknown}
 h - 2 scrolls of teleportation {unknown}
 k - a scroll of remove curse {unknown}
 l - a scroll of fog {unknown}
Potions
 j - a potion of cancellation {unknown}
 n - 2 potions of heal wounds {unknown}
 o - a potion of curing {unknown}
Comestibles
 f - 3 rations


   Skills:
 + Level 2.4 Fighting
 * Level 4.4 Short Blades
 - Level 2.0 Throwing
 - Level 2.0 Dodging
 - Level 6.0 Stealth


You had 3 spell levels left.
You didn't know any spells.
Your spell library was empty.

Dungeon Overview and Level Annotations

Branches:
Dungeon (3/15)

Altars:
Ashenzari
Kikubaaqudgha
Xom

Annotations:
D:3 Grinder


Innate Abilities, Weirdness & Mutations

You are very small and have problems with some larger weapons.
You are too small for most types of armour.
You have supernaturally acute eyesight. (SInv)
You are a herbivore.
You cover ground extremely quickly.
You need to consume almost no food.


Message History

You throw a poisoned dart.
The poisoned dart barely misses the orc priest.
The orc priest calls down the wrath of Beogh upon you.
Beogh smites you!
Ouch! That really hurt!
Throwing (i - inventory. (/) - cycle)
d - 6 poisoned darts (quivered)
Press: ? - help, Shift-Dir - straight line, f/p - orc priest
Aim: an orc priest, wielding a +0 whip and wearing a cursed +0 leather armour You throw a poisoned dart.
The poisoned dart hits the orc priest.
The orc priest is poisoned.
Throwing (i - inventory. (/) - cycle)
d - 5 poisoned darts (quivered)
Press: ? - help, Shift-Dir - straight line, f/p - orc priest
Aim: an orc priest, wielding a +0 whip and wearing a cursed +0 leather armour (lightly wounded, poisoned)
You throw a poisoned dart.
The poisoned dart completely misses the orc priest.
The orc priest invokes the aid of Beogh against you.
Pain shoots through your body!
Ouch! That really hurt!
You die...
Kikubaaqudgha rasps: "You have failed me!
Welcome... death!"

#.....................#.......##
#....<....##............#.## #
##........##............#.###.##
#....)....##...................r
.......>...##....................
.#.........##..........#.#.......
....._.....##..........#...).....
...#####...##..........###.......
...#..o#...##...@......# #.......
...#....####### #....... #...[..#
#.?..... ....g..o...# #.......
.......(?.## #.######
........#..# ..?.....##o.#
.......(# #.# #######.# g.


You could see an orc priest and a hobgoblin.

Vanquished Creatures
  Jessica (D:2)
  2 adders
  3 worms
  2 dart slugs
  A leopard gecko (D:3)
  2 orcs
  3 bats
  5 giant cockroaches
  3 goblins (D:2)
  5 hobgoblins
  A frilled lizard (D:1)
  3 kobolds
  14 rats
45 creatures vanquished.

Notes
Turn   | Place    | Note
-------+----------+-------------------------------------------
     0 | D:1      | Kohma the Spriggan Assassin began the quest for the Orb.
     0 | D:1      | Reached XP level 1. HP: 10/10 MP: 2/2
   194 | D:1      | Reached skill level 6 in Stealth
   379 | D:1      | Reached XP level 2. HP: 15/15 MP: 3/3
  1329 | D:2      | Found a shattered altar of Ashenzari.
  1336 | D:2      | Noticed Jessica
  1359 | D:2      | Killed Jessica
  1359 | D:2      | Reached XP level 3. HP: 18/18 MP: 4/4
  1718 | D:2      | Found an ancient bone altar of Kikubaaqudgha.
  1726 | D:2      | Became a worshipper of Kikubaaqudgha
  1855 | D:2      | Reached XP level 4. HP: 23/23 MP: 5/5
  2210 | D:3      | Found a shimmering altar of Xom.
  2595 | D:3      | Noticed Grinder
  2738 | D:3      | Killed from afar by an orc priest

Levels and vault maps discovered:
D:1:      dpeg_arrival_water_altar, layout_basic, kennysheep_pointless_box,
          minmay_rat_gold_closets
D:2:      layout_basic, evilmike_ruin_ashenzari, overflow_temple_1_default,
          corexii_item_surrounded_by_moat, uniq_jessica
D:3:      layout_rooms, grunt_temple_overflow_order_and_chaos_1, first_ration,
          uniq_crazy_yiuf_cottage, uniq_ijyb, uniq_grinder

Skill      XL: |  1  2  3 |
---------------+----------+-----
Stealth        | 6 |  6.0
Dodging        | 2 |  2.0
Short Blades   | 3 4 |  4.4
Fighting       | 2 |  2.4
Throwing       | |  2.0

Action                   |  1- 3 |  4- 6 || total
-------------------------+-------+-------++-------
Melee: Dagger            |   108 |    61 ||   169
Throw: Dart              |    17 |     7 ||    24
 Stab: Distracted        |     1 |       ||     1
       Sleeping          |     7 |       ||     7
Armor: Robe              |     9 |     4 ||    13
Dodge: Dodged            |    73 |    46 ||   119

Table legend:
 A = Non-vault XP
 B = Vault XP
 C = Vault XP percentage of total XP
 D = Non-vault monster count
 E = Vault monster count
 F = Vault count percentage of total count
                 A         B        C        D         E       F
            +---------+---------+-------+---------+---------+-------
      Total |     100 |      46 |  31.5 |      35 |      10 |  22.2
            +---------+---------+-------+---------+---------+-------
        D:1 |      25 |       9 |  26.5 |      14 |       9 |  39.1
        D:2 |      45 |      37 |  45.1 |      13 |       1 |   7.1
        D:3 |      30 |       0 |   0.0 |       8 |       0 |   0.0
            +---------+---------+-------+---------+---------+-------
